 Dungeon Crawl Stone Soup version 0.29.0-4-gdea44cf6ec (webtiles) character file.

Game seed: 7596437398839643189

708 qw the Chopper (level 7, -3/41 HPs)
             Began as a Tengu Warper on Aug 28, 2022.
             Splashed by a jelly's acid (5 damage)
             ... on level 5 of the Dungeon.
             The game lasted 00:00:30 (5896 turns).

qw the Chopper (Tengu Warper)                       Turns: 5896, Time: 00:00:30

Health: -3/41      AC:  3    Str: 12 (14) XL:     7   Next: 67%
Magic:  11/11      EV:  4    Int: 12 (13) God:
Gold:   129        SH:  0    Dex: 12 (13) Spells: 10/10 levels left

rFire   . . .      SeeInvis .   Y - +3 hand axe
rCold   . . .      Faith    .   (no shield)
rNeg    . . .      Spirit   .   p - +0 plate armour
rPois   .          Reflect  .   (helmet restricted)
rElec   .          Harm     .   (no cloak)
rCorr   .          Rampage  .   (no gloves)
Will    .....                   (boots unavailable)
Stlth   ..........              (no amulet)
HPRegen 0.13/turn               (no ring)
MPRegen 0.12/turn               (no ring)

@: corroded, flying quickly and evasively, quick
A: beak, talons 3, nimble flight, deterioration 1
a: no special abilities


You were on level 5 of the Dungeon.
You visited 1 branch of the dungeon, and saw 5 of its levels.

You collected 261 gold pieces.
You spent 132 gold pieces at shops.


Innate Abilities, Weirdness & Mutations

You have a beak for a mouth.
You have claws for feet.
Your magical nature lets you fly swiftly and evasively.
Your body sometimes deteriorates upon taking damage.


   Skills:
 - Level 3.5 Fighting
 + Level 7.9 Axes
 - Level 1.0 Throwing
 - Level 3.3 Armour
 - Level 2.1 Dodging
 - Level 2.0 Spellcasting
 - Level 2.4 Translocations


You had 10 spell levels left.
You didn't know any spells.
Your spell library contained the following spells:

 Spells                   Type           Power      Damage    Failure   Level
 Blink                    Tloc           12%        N/A       100%        2
 Gell's Gravitas          Tloc           6%         N/A       100%        3
 Lesser Beckoning         Tloc           6%         N/A       100%        3
 Teleport Other           Tloc           6%         N/A       100%        3
 Manifold Assault         Tloc           6%         N/A       100%        5

Inventory:

Hand Weapons
 e - a +0 flail
 Y - a +3 hand axe (weapon)
Armour
 p - a +0 plate armour (worn)
Scrolls
 l - 2 scrolls of identify
Potions
 a - 2 potions of lignification {unknown}
 c - 2 potions of mutation
 d - 3 potions of curing
 f - a potion of flight {unknown}
 g - a potion of degeneration {unknown}
 h - a potion of haste
 i - a potion of resistance
 j - 2 potions of might
 k - a potion of brilliance {unknown}

Dungeon Overview and Level Annotations

Branches:
Dungeon (5/15)
 Temple: D:4-7

Altars:
Ashenzari
Kikubaaqudgha
Trog

Shops:
D:3 !   D:4 ?


Message History

Found a rapier.
A jelly comes into view.
The jelly quivers.
You hit the jelly. The acid corrodes you!
Your hands burn!
You claw the jelly. You peck the jelly, but do no damage.
The jelly is moderately wounded.
The jelly closely misses you.
You hit the jelly.
Your hands burn!
You claw the jelly, but do no damage.
The jelly is moderately wounded.
The jelly hits you. The acid corrodes you!
You are splashed with acid.
You hit the jelly.
Your hands burn!
The jelly is moderately wounded.
The jelly hits you. The acid corrodes you!
You are splashed with acid!
Your body deteriorates!
You feel weakened.
You hit the jelly.
Your hands burn!
Your kick misses the jelly. You peck the jelly, but do no damage.
The jelly is moderately wounded.
The jelly hits you.
You are splashed with acid!
5890 ||| DRINKING potion of heal wounds.
You feel much better. The jelly barely misses you.
You hit the jelly.
Your hands burn!
You claw the jelly, but do no damage.
The jelly is heavily wounded.
The jelly hits you but does no damage.
You hit the jelly.
Your hands burn!
You peck the jelly, but do no damage.
The jelly is heavily wounded.
The jelly hits you but does no damage.
You hit the jelly but do no damage.
Your hands burn!
You claw the jelly.
The jelly is heavily wounded.
The jelly hits you.
You are splashed with acid!
Your body deteriorates!
You feel clumsy.
You hit the jelly but do no damage.
Your hands burn!
Your body deteriorates!
You feel dopey.
Your peck misses the jelly.
The jelly is heavily wounded.
You hit the jelly.
Your hands burn!
You claw the jelly, but do no damage.
The jelly is severely wounded.
The jelly barely misses you.
You hit the jelly.
Your hands burn!
You die...

####### ########.....#
##............#######
#..(..............(..
#.............#######
.###.............#
.................#######
.........#######.#......
......J@.# #.#.####.
#........# #.#.# #. ####
#........# #.#.# #.
...## ..#......#
#.#.####. ....# #
#.###.)# #.#...... ....#
... #### #.#...... ....#
#.# #.#...... ....# ..
#.#.####. ....# #.#.# ##


You could see a jelly.

Vanquished Creatures
  A black bear (D:5)
  An ogre (D:5)
  3 necrophages
  2 scorpions (D:5)
  2 iguanas
  8 adders
  A shadow imp (D:5)
  A white imp (D:5)
  An ufetubus (D:3)
  4 dart slugs
  7 orcs
  6 ball pythons
  8 endoplasms
  2 giant cockroaches (D:3)
  5 goblins
  6 hobgoblins
  10 quokkas
  7 bats
  3 frilled lizards
  6 kobolds
  4 rats
88 creatures vanquished.

Vanquished Creatures (others)
  4 plants (D:2)
4 creatures vanquished.

Grand Total: 92 creatures vanquished

Notes
Turn   | Place    | Note
-------+----------+-------------------------------------------
     0 | D:1      | qw the Tengu Warper began the quest for the Orb.
     0 | D:1      | Reached XP level 1. HP: 12/12 MP: 4/4
     0 | D:1      | 0 ||| qw: Version: 0.1-a-89-g26bdef1
     0 | D:1      | 0 ||| qw: Game counter: 2844
     0 | D:1      | 0 ||| qw: Always use a shield: true
     0 | D:1      | 0 ||| qw: God list: Okawaru
     0 | D:1      | 0 ||| qw: Allow faded altars: false
     0 | D:1      | 0 ||| qw: Do Orc after D:15 true
     0 | D:1      | 0 ||| qw: Do second Lair branch before Depths: true
     0 | D:1      | 0 ||| qw: Lair rune preference: random
     0 | D:1      | 0 ||| qw: Plans: Normal
     0 | D:1      | 0 ||| PLANNING D:1-11
   121 | D:1      | 121 ||| Stepping ~*~*~tactically~*~*~ (hiding).
   353 | D:1      | Reached skill level 3 in Axes
   353 | D:1      | Reached XP level 2. HP: 10/17 MP: 6/6
   881 | D:1      | 881 ||| Stepping ~*~*~tactically~*~*~ (stealth).
   883 | D:1      | 883 ||| Stepping ~*~*~tactically~*~*~ (stealth).
   985 | D:1      | 985 ||| DROPPING +0 club.
  1031 | D:1      | 1031 ||| UPGRADING to +0 chain mail.
  1041 | D:1      | 1041 ||| DROPPING +0 leather armour.
  1042 | D:1      | 1042 ||| DROPPING ring of wizardry.
  1043 | D:1      | 1043 ||| READING scroll labelled VYOCRY UM ZECO.
  1044 | D:1      | 1044 ||| READING scroll labelled DIAKUS ZOMEITS.
  1045 | D:1      | 1045 ||| DROPPING scroll of blinking.
  1059 | D:2      | 1059 ||| STAIRDANCE
  1067 | D:2      | 1067 ||| STAIRDANCE
  1111 | D:2      | 1111 ||| STAIRDANCE
  1158 | D:2      | 1158 ||| STAIRDANCE
  1211 | D:2      | Reached XP level 3. HP: 21/21 MP: 7/7
  1247 | D:2      | 1247 ||| Stepping ~*~*~tactically~*~*~ (stealth).
  1251 | D:2      | 1251 ||| Stepping ~*~*~tactically~*~*~ (stealth).
  1269 | D:2      | 1269 ||| FLEEEEING.
  1270 | D:2      | 1270 ||| FLEEEEING.
  1309 | D:2      | 1309 ||| FLEEEEING.
  1312 | D:2      | 1312 ||| FLEEEEING.
  1313 | D:2      | 1313 ||| STAIRDANCE
  1437 | D:2      | 1437 ||| Stepping ~*~*~tactically~*~*~ (hiding).
  1443 | D:2      | Reached skill level 4 in Axes
  2069 | D:2      | 2069 ||| UPGRADING to +0 plate armour.
  2079 | D:2      | 2079 ||| DROPPING +0 chain mail.
  2080 | D:2      | 2080 ||| READING scroll labelled WOZUED JOCUBOUWY.
  2081 | D:2      | 2081 ||| READING 2 scrolls labelled FYEJAIP UGAUNN.
  2082 | D:2      | 2082 ||| READING scroll of enchant weapon.
  2082 | D:2      | 2082 ||| ENCHANTING +1 hand axe.
  2083 | D:2      | 2083 ||| READING scroll labelled SAFEDO GIPRONG.
  2084 | D:2      | 2084 ||| READING scroll labelled DYIHEDO RYUWAB.
  2085 | D:2      | 2085 ||| READING scroll labelled XUGARI YFU YNK.
  2086 | D:2      | 2086 ||| READING scroll labelled WARRAROGID.
  2187 | D:2      | 2187 ||| DRINKING 3 orange potions.
  2187 | D:2      | Gained mutation: Your body sometimes deteriorates upon
                  | taking damage. [potion of mutation]
  2188 | D:2      | 2188 ||| DRINKING 2 blue potions.
  2342 | D:3      | Reached XP level 4. HP: 21/26 MP: 8/8
  2609 | D:3      | 2609 ||| DROPPING +0 whip.
  2628 | D:3      | Found a faded altar of an unknown god.
  2814 | D:3      | Found Zedeziv's Distillery.
  2819 | D:3      | 2819 ||| BUYING potion of curing (33 gold).
  2819 | D:3      | Bought a potion of curing for 33 gold pieces
  2819 | D:3      | 2819 ||| BUYING potion of heal wounds (55 gold).
  2819 | D:3      | Bought a potion of heal wounds for 55 gold pieces
  2819 | D:3      | 2819 ||| SHOPLISTING potion of heal wounds (55 gold, have
                  | 44).
  2819 | D:3      | 2819 ||| BUYING potion of might (44 gold).
  2819 | D:3      | Bought a potion of might for 44 gold pieces
  2887 | D:3      | Found a bloodstained altar of Trog.
  3055 | D:3      | Noticed a necrophage
  3075 | D:3      | Killed a necrophage
  3076 | D:3      | Reached skill level 5 in Axes
  3076 | D:3      | Gained mutation: Your magical nature lets you fly swiftly
                  | and evasively. [Tengu growth]
  3076 | D:3      | Reached XP level 5. HP: 21/30 MP: 9/9
  3467 | D:3      | 3467 ||| READING scroll of enchant weapon.
  3467 | D:3      | 3467 ||| ENCHANTING +2 hand axe.
  3586 | D:3      | Found an ancient bone altar of Kikubaaqudgha.
  3667 | D:3      | 3667 ||| READING scroll labelled WIOKKOLLAOCI.
  3668 | D:3      | 3668 ||| READING scroll labelled JAYZOJ RANUMYL.
  3669 | D:3      | 3669 ||| READING scroll labelled FUFAILLOPUD.
  3670 | D:3      | 3670 ||| READING scroll labelled BITAIRI JA PIS.
  3671 | D:3      | 3671 ||| DRINKING 2 metallic ruby potions.
  3776 | D:3      | 3776 ||| DROPPING potion of berserk rage.
  3790 | D:4      | 3790 ||| STAIRDANCE
  3812 | D:4      | Reached skill level 6 in Axes
  3812 | D:4      | Reached XP level 6. HP: 29/35 MP: 10/10
  3873 | D:4      | Found a broken altar of Ashenzari.
  3938 | D:4      | Found Jafaitzi's Magic Scroll Boutique.
  3953 | D:4      | Reached skill level 7 in Axes
  3955 | D:4      | 3955 ||| SHOPLISTING scroll of enchant armour (105 gold,
                  | have 27).
  3955 | D:4      | 3955 ||| SHOPLISTING scroll of teleportation (42 gold, have
                  | 27).
  4520 | D:5      | Entered Level 5 of the Dungeon
  4589 | D:5      | Noticed a black bear
  4601 | D:5      | Killed a black bear
  4602 | D:5      | Reached skill level 3 in Fighting
  4602 | D:5      | Reached XP level 7. HP: 39/41 MP: 11/11
  4605 | D:5      | 4605 ||| Stepping ~*~*~tactically~*~*~ (stealth).
  4775 | D:5      | 4775 ||| Stepping ~*~*~tactically~*~*~ (hiding).
  4777 | D:5      | 4777 ||| Stepping ~*~*~tactically~*~*~ (hiding).
  5048 | D:5      | Reached skill level 3 in Armour
  5403 | D:5      | HP: 9/41 [ogre/+0 giant club (5)]
  5404 | D:5      | 5404 ||| DRINKING 2 potions of heal wounds.
  5889 | D:5      | HP: 10/41 [jelly (3)]
  5889 | D:5      | HP: 1/41 [acid (9)]
  5890 | D:5      | 5890 ||| DRINKING potion of heal wounds.
  5894 | D:5      | HP: 6/41 [acid (5)]
  5895 | D:5      | HP: 2/41 [acid (4)]
  5896 | D:5      | Splashed by a jelly's acid

Levels and vault maps discovered:
D:1:      dpeg_arrival_solitude, layout_basic
D:2:      layout_loops_ring, serial_bayou_ford_a,
          nicolae_concentric_dashed_squares_wild, minmay_fractal_squares_5
D:3:      layout_loops_ring, mainiacjoe_overflow_six_doors_small,
          mainiacjoe_overflow_alcove_4, serial_shops, nicolae_shop_crystal,
          hellmonk_ecumenical_altar_run_dry, minmay_divided_ellipse
D:4:      layout_rooms, mainiacjoe_overflow_catwalk, serial_shops,
          nicolae_shop_waterfront
D:5:      layout_basic, minmay_temple_entry_glassed_door

Skill      XL: |  1  2  3  4  5  6  7 |
---------------+----------------------+-----
Axes           | 3 4 5 6 7 |  7.9
Armour         | 2 3 |  3.3
Fighting       | 3 |  3.5
Throwing       | |  1.0
Dodging        | |  2.1
Spellcasting   | |  2.0
Translocations | |  2.4

Action                   |  1- 3 |  4- 6 |  7- 9 || total
-------------------------+-------+-------+-------++-------
Melee: Hand axe          |    93 |   120 |    63 ||   276
       Kick              |    22 |    23 |    18 ||    63
       Peck              |    11 |    14 |    14 ||    39
       Punch             |     1 |     1 |     1 ||     3
Throw: Boomerang         |     7 |       |       ||     7
  Use: Scroll            |     9 |     5 |       ||    14
       Potion            |     2 |     1 |     2 ||     5
Armor: Leather armour    |    10 |       |       ||    10
       Chain mail        |    29 |       |       ||    29
       Plate armour      |    26 |    69 |    23 ||   118
Dodge: Dodged            |    34 |    21 |    14 ||    69

Table legend:
 A = Non-vault XP
 B = Vault XP
 C = Vault XP percentage of total XP
 D = Non-vault monster count
 E = Vault monster count
 F = Vault count percentage of total count
                 A         B        C        D         E       F
            +---------+---------+-------+---------+---------+-------
      Total |     892 |     120 |  11.9 |      70 |      18 |  20.5
            +---------+---------+-------+---------+---------+-------
        D:1 |      33 |       0 |   0.0 |      19 |       0 |   0.0
        D:2 |      17 |       7 |  29.2 |       8 |       5 |  38.5
        D:3 |      80 |     113 |  58.5 |      17 |      13 |  43.3
        D:4 |     248 |       0 |   0.0 |      13 |       0 |   0.0
        D:5 |     514 |       0 |   0.0 |      13 |       0 |   0.0
            +---------+---------+-------+---------+---------+-------
